 Dungeon Crawl Stone Soup version 0.30.0 (webtiles) character file.

Game seed: 7021792863606189308

589586 fozzywoppz the Hoplite (level 26, -18/179 HPs)
             Began as a Gargoyle Fighter on May 4, 2023.
             Was an Elder of Qazlal.
             Demolished by a green draconian monk (28 damage)
             ... on level 1 of the Realm of Zot on May 7, 2023.
             The game lasted 03:22:59 (63329 turns).

fozzywoppz the Hoplite (Gargoyle Fighter)          Turns: 63329, Time: 03:23:00

Health: -18/179    AC: 72    Str: 34    XL:     26   Next: 26%
Magic:  43/43      EV: 13    Int: 12    God:    Qazlal [****..]
Gold:   2715       SH:  0    Dex: 13    Spells: 25/25 levels left

rFire   + + .        f - +8 mithril axe "Arga" {speed, Will+}
rCold   + + +        D - +5 kite shield {reflect}
rNeg    + + +        A - +7 gold dragon scales
rPois   ∞            (helmet restricted)
rElec   +            O - +1 cloak of the Morning Star {Str+4 Stlth+}
rCorr   +            J - +0 pair of gloves "Vuyk" {-Cast rF+ rN++}
SInv    .            P - +3 pair of mountain boots {steadfast, rC+}
Will    ++...        K - amulet "Suphirgh" {Faith Rampage Str+3} Stlth
                     Y - ring of the Tortoise {AC+8}
HPRegen 0.49/turn    R - ring "Pyjoan" {rElec rN+ rCorr MP+9}
MPRegen 0.28/turn

%: no spellcasting, repel missiles, reflection, rampage, faith
@: confused, mighty, silenced, ambrosia-drunk, protected from physical damage,
flying, studying Short Blades
A: sickness immunity, AC +20, big wings, negative energy resistance 1,
electricity resistance, torment resistance 1, petrification resistance, claws 1,
horns 1, talons 1, thin skeletal structure 1, cold resistance 1, deterioration 1
}: 5/15 runes: serpentine, barnacled, slimy, silver, abyssal
a: Renounce Religion


You were on level 1 of the Realm of Zot.
You worshipped Qazlal.
Qazlal was greatly pleased with you.
You visited 11 branches of the dungeon, and saw 49 of its levels.
You visited the Abyss 2 times.
You visited 2 bazaars.
You also visited: Bailey and Gauntlet.

You collected 8635 gold pieces.
You spent 5920 gold pieces at shops.

Inventory:

Hand Weapons
 f - the +8 mithril axe "Arga" (weapon) {speed, Will+}
   (You found it on level 3 of the Dungeon)

   Will:      It increases your willpower.
 y - the +1 eveningstar of Okawaru's Pride {distort, rPois}
   (Okawaru gifted it to you on level 9 of the Dungeon)

   rPois:     It protects you from poison.
 N - the +0 broad axe of Okawaru, Nurturing {flame, rN+++ MP-9 SInv Stlth-}
   (Okawaru gifted it to you on level 11 of the Dungeon)

   rN:        It renders you almost immune to negative energy.
   MP:        It affects your magic capacity (-9).
   SInv:      It lets you see invisible.
   Stlth:     It makes you less stealthy.
 Z - the +2 morningstar "Kyd Ecoz" {heavy, +Blink Str+6 SInv Stlth+}
   (You bought it in a shop on level 3 of the Snake Pit)

   Str:       It affects your strength (+6).
   SInv:      It lets you see invisible.
   +Blink:    It lets you blink.
   Stlth:     It makes you more stealthy.
Missiles
 L - 5 silver boomerangs
 S - 12 silver javelins (quivered)
Armour
 A - +7 gold dragon scales (worn)
 D - a +5 kite shield of reflection (worn)
 J - the +0 pair of gloves "Vuyk" (worn) {-Cast rF+ rN++}
   (Okawaru gifted it to you on level 1 of the Depths)

   rF:        It protects you from fire.
   rN:        It greatly protects you from negative energy.
   -Cast:     It prevents spellcasting.
 O - the +1 cloak of the Morning Star (worn) {Str+4 Stlth+}
   (Okawaru gifted it to you on level 5 of the Vaults)

   Str:       It affects your strength (+4).
   Stlth:     It makes you more stealthy.
 P - the +3 pair of mountain boots (worn) {steadfast, rC+}
   (Okawaru gifted it to you on level 4 of the Snake Pit)

   Steadfast: It prevents involuntary movement, except for blinking,
   teleportation, or banishment.
   rC:        It protects you from cold.
Jewellery
 c - the ring "Vaetzud" {rC+ rCorr Str+3 Int+6}
   (You bought it in a shop in a bazaar)

   [ring of intelligence]

   Str:       It affects your strength (+3).
   Int:       It affects your intelligence (+6).
   rC:        It protects you from cold.
   rCorr:     It protects you from acid and corrosion.
 h - the ring of Leaves {+Blink rC+ rN+ SInv}
   (You bought it in a shop in a bazaar)

   [ring of protection from cold]

   rC:        It protects you from cold.
   rN:        It protects you from negative energy.
   SInv:      It lets you see invisible.
   +Blink:    It lets you blink.
 o - the ring of Ignis's Regard {Contam rF- rC+++ Int+3 SInv}
   (You found it on level 1 of the Shoals)

   [ring of see invisible]

   Int:       It affects your intelligence (+3).
   rF:        It makes you vulnerable to fire.
   rC:        It renders you almost immune to cold.
   SInv:      It lets you see invisible.
   Contam:    It causes magical contamination when unequipped.
 w - the amulet "Caagae" {Reflect rElec SH+5}
   (You found it on level 5 of the Pits of Slime)

   [amulet of reflection]

   It reflects blocked missile attacks.
   rElec:     It insulates you from electricity.
   SH:        It affects your SH (+5).
 z - the amulet "Cucoibeo" {Faith -Tele rCorr Stlth+}
   (You bought it in a shop on level 2 of the Orcish Mines)

   [amulet of faith]

   It allows you to gain divine favour quickly.
   -Tele:     It prevents most forms of teleportation.
   rCorr:     It protects you from acid and corrosion.
   Stlth:     It makes you more stealthy.
 K - the amulet "Suphirgh" (around neck) {Faith Rampage Str+3}
   (You found it on level 7 of the Dungeon)

   [amulet of faith]

   It allows you to gain divine favour quickly.
   Str:       It affects your strength (+3).
   Rampage:   It bestows one free step when moving towards enemies.
 R - the ring "Pyjoan" (right hand) {rElec rN+ rCorr MP+9}
   (You bought it in a shop on level 2 of the Orcish Mines)

   [ring of resist corrosion]

   rElec:     It insulates you from electricity.
   rN:        It protects you from negative energy.
   MP:        It affects your magic capacity (+9).
   rCorr:     It protects you from acid and corrosion.
 Y - the ring of the Tortoise (left hand) {AC+8}
   (You found it on level 5 of the Lair of Beasts)

   [ring of protection]

   AC:        It affects your AC (+8).
Wands
 a - a wand of acid (19)
 b - a wand of paralysis (60)
 g - a wand of polymorph (21)
 q - a wand of flame (113)
 B - a wand of mindburst (16)
 E - a wand of digging (18)
 Q - a wand of roots (29)
Scrolls
 i - 3 scrolls of poison
 m - 19 scrolls of teleportation
 r - 4 scrolls of fear
 t - 24 scrolls of identify
 v - 4 scrolls of fog
 G - 2 scrolls of silence
 I - 7 scrolls of enchant weapon
 M - 6 scrolls of blinking
 V - 4 scrolls of magic mapping
 W - 9 scrolls of immolation
Potions
 d - 4 potions of might
 e - 3 potions of invisibility
 j - 22 potions of curing
 k - 11 potions of lignification
 l - 9 potions of brilliance
 n - 8 potions of cancellation
 p - 4 potions of resistance
 s - 5 potions of heal wounds
 u - 3 potions of ambrosia
 x - 4 potions of attraction
 C - 5 potions of berserk rage
 H - 7 potions of mutation
 U - 8 potions of haste
Miscellaneous
 F - a phantom mirror
 T - a lightning rod (4/4)
 X - a phial of floods


   Skills:
 + Level 21.6 Fighting
 - Level 17.9(19.2) Axes
 - Level 13.3(18.0) Maces & Flails
 - Level 8.0 Throwing
 + Level 22.5 Armour
 - Level 15.0 Dodging
 + Level 24.0 Shields
 + Level 15.4 Invocations


You had 25 spell levels left.
You didn't know any spells.
Your spell library contained the following spells:

 Spells                   Type           Power      Damage    Failure   Level
 Apportation              Tloc           0%         N/A       92%         1
 Beastly Appendage        Tmut           0%         N/A       92%         1
 Kiss of Death            Conj/Necr      0%         2d5       92%         1
 Magic Dart               Conj           0%         1d3       92%         1
 Sandblast                Erth           0%         2d4       92%         1
 Shock                    Conj/Air       0%         1d3       92%         1
 Slow                     Hex            0%         N/A       92%         1
 Call Imp                 Summ           0%         N/A       98%         2
 Ensorcelled Hibernation  Hex/Ice        0%         N/A       98%         2
 Lesser Beckoning         Tloc           0%         N/A       98%         2
 Momentum Strike          Conj/Tloc      0%         3d8       98%         2
 Passwall                 Tmut/Erth      0%         N/A       98%         2
 Poisonous Vapours        Pois/Air       0%         N/A       98%         2
 Scorch                   Fire           0%         2d5       98%         2
 Wereblood                Tmut           0%         N/A       98%         2
 Confusing Touch          Hex            0%         N/A       100%        3
 Dazzling Flash           Conj/Hex       0%         N/A       100%        3
 Gell's Gravitas          Tloc           0%         N/A       100%        3
 Hailstorm                Conj/Ice       0%         3d3       100%        3
 Ignite Poison            Fire/Tmut/Pois 0%         N/A       100%        3
 Mephitic Cloud           Conj/Pois/Air  0%         N/A       100%        3
 Ozocubu's Armour         Ice            0%         N/A       100%        3
 Portal Projectile        Hex/Tloc       0%         N/A       100%        3
 Spider Form              Tmut/Pois      0%         N/A       100%        3
 Summon Guardian Golem    Hex/Summ       0%         N/A       100%        3
 Teleport Other           Tloc           0%         N/A       100%        3
 Tukima's Dance           Hex            0%         N/A       100%        3
 Vampiric Draining        Necr           0%         2d6       100%        3
 Volatile Blastmotes      Fire/Tloc      0%         2d10      100%        3
 Airstrike                Air            0%         2d(0-16)  100%        4
 Anguish                  Hex/Necr       0%         N/A       100%        4
 Animate Armour           Summ/Erth      0%         N/A       100%        4
 Cause Fear               Hex            0%         N/A       100%        4
 Dispel Undead            Necr           0%         3d6       100%        4
 Flame Wave               Conj/Fire      0%         2d4       100%        4
 Fulminant Prism          Conj/Hex       0%         3d5       100%        4
 Ice Form                 Ice/Tmut       0%         N/A       100%        4
 Iskenderun's Mystic Bla  Conj/Tloc      0%         2d3       100%        4
 Leda's Liquefaction      Hex/Erth       0%         N/A       100%        4
 Manifold Assault         Tloc           0%         N/A       100%        4
 Olgreb's Toxic Radiance  Pois           0%         N/A       100%        4
 Petrify                  Tmut/Erth      0%         N/A       100%        4
 Sticky Flame             Conj/Fire      0%         2d3       100%        4
 Summon Ice Beast         Ice/Summ       0%         N/A       100%        4
 Alistair's Intoxication  Tmut/Pois      0%         N/A       100%        5
 Blade Hands              Tmut           0%         N/A       100%        5
 Borgnjor's Vile Clutch   Necr/Erth      0%         N/A       100%        5
 Freezing Cloud           Conj/Ice/Air   0%         6-21      100%        5
 Irradiate                Conj/Tmut      0%         3d11      100%        5
 Lee's Rapid Deconstruct  Erth           0%         3d4*      100%        5
 Metabolic Englaciation   Hex/Ice        0%         N/A       100%        5
 Silence                  Hex/Air        0%         N/A       100%        5
 Summon Mana Viper        Hex/Summ       0%         N/A       100%        5
 Death Channel            Necr           0%         N/A       100%        6
 Dispersal                Tloc           0%         N/A       100%        6
 Eringya's Noxious Bog    Tmut/Pois      0%         N/A       100%        6
 Iron Shot                Conj/Erth      0%         9d1       100%        6
 Simulacrum               Ice/Necr       0%         N/A       100%        6
 Starburst                Conj/Fire      0%         6d3       100%        6
 Summon Cactus Giant      Summ           0%         N/A       100%        6
 Dragon Form              Tmut           0%         N/A       100%        7
 Enfeeble                 Hex            0%         N/A       100%        7
 Haunt                    Necr/Summ      0%         N/A       100%        7
 Malign Gateway           Summ/Tloc      0%         N/A       100%        7
 Orb of Destruction       Conj           0%         9d5       100%        7
 Ozocubu's Refrigeration  Ice            0%         4d7       100%        7
 Spellforged Servitor     Conj/Summ      0%         N/A       100%        7
 Storm Form               Tmut/Air       0%         N/A       100%        7
 Summon Hydra             Summ           0%         N/A       100%        7
 Disjunction              Tloc           0%         N/A       100%        8
 Ignition                 Fire           0%         3d3       100%        8
 Necromutation            Tmut/Necr      0%         N/A       100%        8
 Summon Horrible Things   Summ           0%         N/A       100%        8
 Chain Lightning          Conj/Air       0%         N/A       100%        9
 Fire Storm               Conj/Fire      0%         5d1       100%        9
 Polar Vortex             Ice            0%         N/A       100%        9
 Shatter                  Erth           0%         3d5*      100%        9
 Cigotuvi's Dreadful Rot  Necr/Pois/Air  Unusable   N/A       N/A         2
 Sublimation of Blood     Necr           Unusable   N/A       N/A         2
 Statue Form              Tmut/Erth      Unusable   N/A       N/A         6

Dungeon Overview and Level Annotations

Branches:
Dungeon (15/15)            Temple (1/1) D:4            Lair (5/5) D:11
 Shoals (4/4) Lair:3        Snake (4/4) Lair:2        Slime (5/5) Lair:5
    Orc (2/2) D:10            Elf (3/3) Orc:2        Vaults (5/5) D:14
  Crypt (0/3) Vaults:2     Depths (4/4) D:15            Zot (1/5) Depths:4
 Bailey (visited)         Gauntlet (visited)

Altars:
Ashenzari
Cheibriados
Dithmenos
Elyvilon
Fedhas
Gozag
Hepliaklqana
Kikubaaqudgha
Makhleb
Nemelex Xobeh
Okawaru
Qazlal
Ru
Sif Muna
Trog
Uskayaw
Vehumet
Wu Jian
Xom
Yredelemnul
Zin
The Shining One
Jiyva

Shops:
D:8 :   D:9 =   D:12 *   Orc:1 ?   Orc:2 *?*:(   Elf:1 ?*[   Elf:2 =[
Elf:3 !*(   Snake:1 [(*=   Snake:3 ([([   Vaults:1 *   Vaults:4 [

Portals:
Hell: Depths:1 Depths:2 Depths:3 Depths:4
Abyss: Depths:1 Depths:2 Depths:3 Depths:4
Pandemonium: Orc:2 Depths:2
Ziggurat: Depths:4

Annotations:
Depths:3 exclusion: 2 statues


Innate Abilities, Weirdness & Mutations

You are immune to sickness and miasma.
Your stone body is resilient. (AC +20)
You are immune to poison.
Your large and strong wings let you fly.
You resist negative energy. (rN+)
You are resistant to electric shocks. (rElec)
You are resistant to unholy torment.
You are immune to petrification.
You have sharp fingernails.
You have a pair of small horns on your head.
You have sharp toenails.
You have a somewhat thin skeletal structure. (Dex +2, Stealth+)
Your flesh is cold resistant. (rC+)
Your body sometimes deteriorates upon taking damage.


Message History

The purple draconian hits you but does no damage.
Unknown command.
You feel much better. The green draconian monk hits you!
The green draconian monk barely misses you.
The green draconian monk tail-slaps you but does no damage. x2
The purple draconian barely misses you.
The yellow draconian rages.
The green draconian monk hits you!!
* * * LOW HITPOINT WARNING * * *
The green draconian monk kicks you but does no damage.
The green draconian monk tail-slaps you but does no damage.
The green draconian monk barely misses you.
You are too confused!
Unknown command.
You bump into the rock wall.
The green draconian monk hits you but does no damage.
The green draconian monk kicks you but does no damage.
The green draconian monk completely misses you.
The green draconian monk tail-slaps you but does no damage.
The purple draconian closely misses you.
You slice the green draconian monk!!
The green draconian monk is almost dead.
The green draconian monk hits you but does no damage.
The green draconian monk kicks you!
* * * LOW HITPOINT WARNING * * *
The green draconian monk tail-slaps you but does no damage. x2
The purple draconian hits you but does no damage.
You bump into the rock wall.
The yellow draconian rages.
The green draconian monk hits you!
* * * LOW HITPOINT WARNING * * *
The green draconian monk kicks you but does no damage.
The green draconian monk tail-slaps you but does no damage. x2
The purple draconian hits you but does no damage.
You feel very mighty all of a sudden.
The green draconian monk hits you but does no damage.
The green draconian monk closely misses you.
The green draconian monk tail-slaps you but does no damage. x2
The green draconian monk hits you!!
You die... #q########.## #qXqdXd.d....

#q# .# #@# #.#
#.# #.# #.# #.#
#.####.# #......#
#####..#
##..#####.####
#∩............
#......#####.####


You could see a tentacled monstrosity, a green draconian monk (berserk,
unsilenced), a yellow draconian (berserk, unsilenced) and a purple draconian
(unsilenced).

Vanquished Creatures
  the Royal Jelly (Slime:5)
  2 dread liches (Vaults:5)
  4 ancient liches
  A juggernaut (Depths:4)
  Bai Suzhen (Vaults:4)
  Vashnia (Snake:4)
  6 golden dragons
  A profane servitor (Abyss:5)
  6 bone dragons
  2 tentacled monstrosities
  7 hellephants
  3 liches
  Jorgrun (Elf:2)
  13 titans
  7 deep elf blademasters
  Asterion (Depths:2)
  14 acid blobs
  4 sphinxes
  The ghost of GnoME the Brawler, an adept TrMo of Qazlal (Vaults:2)
  An Executioner (Abyss:2)
  6 deep elf master archers
  4 krakens (Shoals:1)
  The ghost of frimble the Victor of a Thousand Battles, an adept DsGl of Okawaru (Depths:2)
  11 tentacled starspawn
  Kirke (Lair:4)
  Polyphemus (Shoals:3)
  The ghost of Barug the Brawler, an adept TrMo of Nemelex Xobeh (Depths:3)
  Agnes (D:14)
  6 shadow dragons
  Roxanne (Elf:3)
  4 tengu reavers
  3 storm dragons
  A draconian monk (Depths:4)
  11 rockslimes
  12 nagarajas
  A draconian knight (Depths:4)
  3 deep elf sorcerers
  3 iron dragons
  12 fire giants
  4 azure jellies
  A ghost moth (Abyss:5)
  A juggernaut zombie (Abyss:5)
  2 balrugs (Abyss:2)
  14 frost giants
  8 vault wardens
  15 ironbound preservers
  A cacodemon (Abyss:5)
  An orc warlord (Vaults:1)
  Louise (Elf:2)
  Aizul (Snake:4)
  4 deep elf elementalists
  A draconian shifter (Abyss:5)
  The ghost of Wairalebb the Basher, a journeyman BaFi of Cheibriados (Lair:4)
  A war gargoyle (Vaults:5)
  31 very ugly things
  22 stone giants
  12 quicksilver oozes
  7 deep elf demonologists (Elf:3)
  A juggernaut skeleton (Abyss:5)
  A vampire knight (Depths:2)
  3 black draconians
  9 ironbound thunderhulks
  A minotaur (Gauntlet)
  A purple draconian (Elf:1)
  A lorocyproca (Abyss:3)
  5 red draconians
  A bunyip (Abyss:3)
  2 white draconians
  8 deep elf annihilators
  10 spark wasps
  11 ettins
  19 dire elephants
  A green death (Abyss:5)
  9 merfolk javelineers
  6 deep elf high priests
  Josephine (D:13)
  6 deep elf death magi
  11 merfolk impalers
  9 fire dragons
  2 entropy weavers
  6 great orbs of eyes
  3 rakshasas
  11 yaktaur captains
  2 quicksilver dragon zombies
  3 salamander tyrants
  5 ice dragons
  7 hydras
  A hell beast (Gauntlet)
  26 vault guards
  3 catoblepae
  An ogre mage (Vaults:5)
  2 demonspawn (Orc:2)
  3 alligator snapping turtles
  8 ironbound frosthearts
  13 merfolk aquamancers
  8 boulder beetles
  4 merfolk avatars
  2 spriggan air magi
  14 anacondas
  7 centaur warriors
  27 dancing weapons
  2 deep troll shamans
  15 naga warriors
  5 two-headed ogres
  5 tengu warriors
  4 satyrs
  10 hell hogs
  7 deep troll earth magi
  8 orc high priests
  5 spriggan berserkers
  A titan zombie (Depths:1)
  7 death yaks
  13 thrashing horrors
  6 shock serpents
  5 hell knights (Depths:4)
  Nergalle (Lair:3)
  20 deep elf knights
  4 sun demons (Abyss:2)
  5 wretched stars
  18 naga sharpshooters
  A titan skeleton (Depths:1)
  2 iron trolls
  4 sixfirhies
  A soul eater (Abyss:2)
  3 shadow wraiths
  2 spatial maelstroms
  An obsidian statue (Vaults:4)
  8 skysharks
  A salamander mystic (Snake:3)
  10 sea snakes
  5 flayed ghosts
  32 deep trolls
  2 shadow demons
  6 glowing orange brains
  A glowing orange brain (shapeshifter) (Vaults:4)
  A swamp dragon (shapeshifter) (Abyss:3)
  4 necromancers
  9 deep elf archers
  27 deep elf pyromancers
  6 lindwurms
  6 naga ritualists
  4 phantasmal warriors
  13 orc knights
  Pikel (D:8)
  8 wizards
  21 harpies
  16 ironbound convokers
  38 deep elf zephyrmancers
  12 mana vipers
  22 ugly things
  9 orc sorcerers
  A wolf spider (D:14)
  4 oklob plants
  18 manticores
  A salamander (shapeshifter) (Elf:1)
  2 shining eyes (Slime:2)
  A will-o-the-wisp (Abyss:2)
  3 guardian serpents
  5 worldbinders
  9 cyclopes
  12 fauns
  12 salamanders
  8 elephants
  10 naga magi
  2 guardian serpents (shapeshifter)
  A rust devil (Orc:2)
  38 black mambas
  2 eyes of devastation
  A frost giant skeleton (Depths:1)
  14 merfolk sirens
  8 water nymphs
  A black mamba (shapeshifter) (Abyss:3)
  2 apocalypse crabs (Abyss:3)
  A gargoyle (D:14)
  16 vault sentinels
  9 smoke demons
  47 starcursed masses
  3 unseen horrors
  An orange demon (Abyss:5)
  7 cane toads
  A hellion (Abyss:5)
  A dire elephant skeleton (Abyss:5)
  A kobold demonologist (D:12)
  A rime drake (shapeshifter) (Depths:2)
  4 rime drakes
  7 komodo dragons
  3 freezing wraiths
  5 tengu conjurers
  A spriggan skeleton (Depths:1)
  11 yaktaurs
  8 ancient zymes
  The ghost of Brasilia the Fighter, a novice FeWn (Lair:5)
  5 efreet
  A troll (shapeshifter) (Abyss:3)
  A komodo dragon (shapeshifter) (Vaults:5)
  6 meliai
  A harpy zombie (Abyss:5)
  3 trolls
  14 wind drakes
  2 hellwings (Abyss:5)
  22 large abominations
  A meliai (shapeshifter) (Elf:3)
  55 merfolk
  3 hornets
  3 polar bears
  7 snapping turtles
  A blink frog (shapeshifter) (D:14)
  21 dream sheep
  14 blink frogs
  18 raiju
  A jumping spider (shapeshifter) (Vaults:5)
  6 flying skulls
  76 slime creatures
  8 air elementals
  4 shadows
  2 centaur simulacra (Gauntlet)
  A spriggan (shapeshifter) (Vaults:4)
  5 wraiths
  7 spriggans
  30 water elementals
  62 yaks
  2 vampires (D:12)
  9 wyverns
  A human (Lair:4)
  6 fire elementals
  20 small abominations
  A golden eye (shapeshifter) (Abyss:2)
  A redback (Vaults:3)
  4 neqoxecs
  3 ynoxinuls
  10 golden eyes
  4 hogs (Lair:4)
  10 chaos spawn
  5 steam dragons
  7 basilisks
  A harpy simulacrum (Gauntlet)
  4 spatial vortices
  7 vampire mosquitoes
  2 wargs
  24 nagas
  A hell hound (Gauntlet)
  27 water moccasins
  An acid dragon (D:12)
  A floating eye (Depths:3)
  35 orc warriors
  A sky beast (D:7)
  3 ice beasts
  2 black bears
  11 ogres
  28 wolves
  5 boggarts
  13 centaurs
  7 bullfrogs
  3 kobold brigands
  A gnoll sergeant (D:7)
  3 earth elementals
  5 scorpions
  11 wights
  24 killer bees
  2 electric eels (Snake:2)
  A crimson imp (Abyss:2)
  3 quasits (Abyss:3)
  2 jellies
  28 orc priests
  A hound (D:4)
  4 iguanas
  3 iron imps
  4 sleepcaps
  21 orc wizards
  11 adders
  9 gnolls
  A shadow imp (D:7)
  An ufetubus (D:4)
  A worm (D:3)
  7 dart slugs
  68 orcs
  9 endoplasms
  3 giant cockroaches
  10 goblins
  6 hobgoblins
  2 quokkas (D:3)
  10 ball pythons
  7 bats
  5 frilled lizards
  13 kobolds
  4 rats
  4 butterflies
  A lurking horror (Abyss:3)
  A spectral weapon (Depths:2)
  9 starspawn tentacles
  4 tentacles (Shoals:1)
2200 creatures vanquished.

Vanquished Creatures (others)
  An ancient lich (Vaults:5)
  A nagaraja (Snake:4)
  A fire giant (Depths:2)
  A rakshasa (Abyss:3)
  A merfolk aquamancer (Shoals:4)
  A naga sharpshooter (Snake:2)
  A wizard (D:15)
  A harpy (Shoals:4)
  A merfolk siren (Shoals:4)
  A black mamba (Snake:1)
  A wind drake (Shoals:4)
  A slime creature (Vaults:4)
  A golden eye (Abyss:4)
  A water elemental (Abyss:5)
  A spatial vortex (Abyss:5)
  14 foxfires (Abyss:2)
  14 fungi
  2 lurking horrors (Abyss:5)
  53 plants
  17 starspawn tentacles
  15 tentacles (Shoals:1)
130 creatures vanquished.

Grand Total: 2330 creatures vanquished

Notes
Turn   | Place    | Note
-------+----------+-------------------------------------------
     0 | D:1      | fozzywoppz the Gargoyle Fighter began the quest for the
                  | Orb.
     0 | D:1      | Reached XP level 1. HP: 14/14 MP: 1/1
   208 | D:1      | Reached XP level 2. HP: 11/19 MP: 2/2
   775 | D:2      | Reached XP level 3. HP: 23/23 MP: 3/3
   782 | D:2      | Found a faded altar of an unknown god.
   800 | D:2      | Found a broken altar of Ashenzari.
   866 | D:2      | Reached XP level 4. HP: 21/29 MP: 4/4
  1119 | D:2      | Reached skill level 4 in Shields
  1501 | D:3      | Found the +8 mithril axe "Arga" {speed, Will+}
  1516 | D:3      | Reached XP level 5. HP: 33/33 MP: 5/5
  2225 | D:4      | Reached skill level 1 in Axes
  2339 | D:4      | Found a staircase to the Ecumenical Temple.
  2349 | Temple   | Entered the Ecumenical Temple
  2479 | D:4      | Reached XP level 6. HP: 35/39 MP: 6/6
  2517 | D:4      | Noticed a black bear
  2524 | D:4      | Killed a black bear
  3157 | D:5      | Entered Level 5 of the Dungeon
  3171 | D:5      | Reached skill level 5 in Fighting
  3171 | D:5      | Reached skill level 5 in Armour
  3171 | D:5      | Reached skill level 5 in Shields
  3171 | D:5      | Reached XP level 7. HP: 42/44 MP: 7/7
  3196 | D:5      | Found a shadowy altar of Dithmenos.
  3478 | D:5      | Reached XP level 8. HP: 49/52 MP: 8/8
  3687 | D:5      | Found an iron altar of Okawaru.
  3692 | D:5      | Became a worshipper of Warmaster Okawaru
  4043 | D:6      | Reached skill level 1 in Invocations
  4528 | D:6      | Reached * piety under Okawaru
  4531 | D:6      | Reached skill level 5 in Axes
  4969 | D:7      | Reached XP level 9. HP: 51/59 MP: 11/11
  5304 | D:7      | Reached ** piety under Okawaru
  5733 | D:7      | Identified the amulet "Suphirgh" {Faith Rampage Str+3}
  5893 | D:8      | Reached skill level 5 in Invocations
  5939 | D:8      | Noticed a hornet
  5949 | D:8      | Killed a hornet
  5970 | D:8      | Reached *** piety under Okawaru
  6126 | D:8      | Found a flagged portal.
  6134 | D:8      | Reached XP level 10. HP: 48/66 MP: 14/14
  6151 | Bailey   | Entered a bailey
  6249 | Bailey   | Reached **** piety under Okawaru
  6282 | Bailey   | Reached skill level 10 in Fighting
  6535 | Bailey   | Noticed a two-headed ogre
  6547 | Bailey   | Killed a two-headed ogre
  6548 | Bailey   | Reached skill level 1 in Dodging
  6774 | D:8      | Noticed Pikel
  6781 | D:8      | Killed Pikel
  6940 | D:8      | Found a radiant altar of Vehumet.
  6948 | D:8      | Reached ***** piety under Okawaru
  6967 | D:8      | Reached XP level 11. HP: 58/72 MP: 17/17
  6970 | D:8      | Found an opulent altar of Gozag.
  6975 | D:8      | Found a basalt altar of Yredelemnul.
  7136 | D:8      | Found a blossoming altar of Fedhas.
  7136 | D:8      | Found a glowing golden altar of the Shining One.
  7202 | D:8      | Found Viogge Guyc's Book Shoppe.
  7411 | D:9      | Found Qodin's Jewellery Shop.
  7474 | D:9      | Identified the +1 eveningstar of Okawaru's Pride {distort,
                  | rPois} (Okawaru gifted it to you on level 9 of the Dungeon)
  7474 | D:9      | Received a gift from Okawaru
  8182 | D:10     | Entered Level 10 of the Dungeon
  8223 | D:10     | Found an ornate altar of the Wu Jian Council.
  8488 | D:10     | Found a staircase to the Orcish Mines.
  8506 | D:10     | Reached skill level 5 in Dodging
  8692 | D:10     | Reached skill level 10 in Invocations
  9398 | D:11     | Identified the +0 broad axe of Okawaru, Nurturing {flame,
                  | rN+++ MP-9 SInv Stlth-} (Okawaru gifted it to you on level
                  | 11 of the Dungeon)
  9398 | D:11     | Received a gift from Okawaru
  9505 | D:11     | Noticed a cyclops
  9512 | D:11     | Killed a cyclops
  9627 | D:11     | Found a staircase to the Lair.
  9637 | D:11     | Reached skill level 10 in Axes
  9728 | D:11     | Identified the +5 spear "Voijauss" {freeze, MP+9}
  9776 | D:11     | Reached XP level 12. HP: 32/77 MP: 20/20
 10140 | D:11     | Noticed a boulder beetle
 10178 | D:11     | Killed a boulder beetle
 10214 | D:11     | Found a glowing golden altar of the Shining One.
 10226 | D:11     | Noticed a two-headed ogre
 10236 | D:11     | Killed a two-headed ogre
 11109 | D:12     | Received a gift from Okawaru
 11227 | D:12     | Found Zosorasa's Elemental Accessories.
 11473 | Lair:1   | Entered Level 1 of the Lair of Beasts
 12623 | Lair:2   | Reached skill level 6 in Shields
 12637 | Lair:2   | Reached XP level 13. HP: 82/82 MP: 15/22
 12683 | Lair:2   | Found a staircase to the Snake Pit.
 13365 | Lair:3   | Noticed Nergalle
 13385 | Lair:3   | Killed Nergalle
 13440 | Lair:3   | Reached skill level 7 in Shields
 13443 | Lair:3   | Found a staircase to the Shoals.
 13696 | Lair:3   | Received a gift from Okawaru
 14546 | Lair:4   | Reached skill level 8 in Shields
 15010 | Lair:4   | Found a runed translucent door.
 15013 | Lair:4   | Noticed Wairalebb's ghost (journeyman BaFi)
 15038 | Lair:4   | Identified the +0 robe of Parts Unknown {*Slow Str+5}
                  | (Okawaru gifted it to you on level 4 of the Lair of Beasts)
 15038 | Lair:4   | Received a gift from Okawaru
 15288 | Lair:4   | Noticed Kirke
 15302 | Lair:4   | HP: 1/82 [lindwurm/blast of flame[Kirke] (25)]
 15306 | Lair:4   | Killed Kirke
 15664 | Lair:4   | Reached skill level 9 in Shields
 16122 | Lair:5   | Entered Level 5 of the Lair of Beasts
 16135 | Lair:5   | Gained mutation: Your large and strong wings let you fly.
                  | [Gargoyle growth]
 16135 | Lair:5   | Reached XP level 14. HP: 72/88 MP: 20/23
 16185 | Lair:5   | Identified a scroll of acquirement
 16185 | Lair:5   | Acquired 1103 gold pieces
 16570 | Lair:5   | Reached skill level 10 in Shields
 16612 | Lair:5   | Reached skill level 10 in Armour
 16942 | Lair:5   | Received a gift from Okawaru
 17126 | Lair:5   | Found a runed translucent door.
 17128 | Lair:5   | Noticed Brasilia's ghost (novice FeWn)
 17128 | Lair:5   | Found the +8 storm bow {elec, penet}
 17128 | Lair:5   | Found the ring of the Tortoise {AC+8}
 17140 | Lair:5   | Killed Brasilia's ghost
 17278 | Lair:5   | Received a gift from Okawaru
 17393 | Lair:5   | Identified the +3 quarterstaff of Iconoclasm {flame, rF+}
 18035 | Lair:5   | Found a viscous altar of Jiyva.
 18064 | Lair:5   | Found a staircase to the Slime Pits.
 18125 | Lair:5   | Identified the +5 plate armour "Hiocvaiwny" {-Tele rPois
                  | rN+++ SInv} (Okawaru gifted it to you on level 5 of the
                  | Lair of Beasts)
 18125 | Lair:5   | Received a gift from Okawaru
 18171 | Lair:5   | Identified the +8 rapier of Defence by Offence {vamp, rElec
                  | rPois}
 18619 | Orc:1    | Entered Level 1 of the Orcish Mines
 18634 | Orc:1    | Paralysed by an orc sorcerer for 4 turns
 18785 | Orc:2    | Entered Level 2 of the Orcish Mines
 18821 | Orc:2    | Reached XP level 15. HP: 86/92 MP: 24/24
 18855 | Orc:2    | Found a staircase to the Elven Halls.
 19273 | Orc:2    | Found Rofrer's Magic Scroll Shop.
 19298 | Orc:2    | Found Ceidgh's General Store.
 20012 | Orc:2    | Reached skill level 15 in Axes
 20040 | Orc:2    | Found Pias's Book Emporium.
 20040 | Orc:2    | Found Zeten's Antique Weapon Shoppe.
 20041 | Orc:2    | Found a one-way gate leading to the halls of Pandemonium.
 20181 | Orc:2    | Bought a potion of curing for 36 gold pieces
 20181 | Orc:2    | Bought a potion of might for 48 gold pieces
 20183 | Orc:2    | Bought a scroll of acquirement for 884 gold pieces
 20183 | Orc:2    | Bought a scroll of silence for 161 gold pieces
 20183 | Orc:2    | Acquired a manual of Fighting
 20276 | Orc:2    | Found Qauj's Assorted Antiques.
 20280 | Orc:2    | Bought a heavily runed emerald amulet for 135 gold pieces
 20280 | Orc:2    | Identified the amulet "Cucoibeo" {Faith -Tele rCorr Stlth+}
                  | (You bought it in a shop on level 2 of the Orcish Mines)
 20280 | Orc:2    | Bought a wavering jade ring for 135 gold pieces
 20280 | Orc:2    | Identified the ring "Pyjoan" {rElec rN+ rCorr MP+9} (You
                  | bought it in a shop on level 2 of the Orcish Mines)
 20605 | Orc:1    | Found Ufurasch's Magic Scroll Shoppe.
 20649 | Orc:1    | Bought 2 scrolls of immolation for 128 gold pieces
 20649 | Orc:1    | Bought a scroll of teleportation for 48 gold pieces
 20649 | Orc:1    | Bought a scroll of poison for 64 gold pieces
 20649 | Orc:1    | Bought a scroll of teleportation for 48 gold pieces
 21519 | D:13     | Found a gate leading to a gauntlet.
 21529 | Gauntlet | Entered a Gauntlet
 21529 | Gauntlet | Found a transporter.
 21532 | Gauntlet | Found a transporter.
 21533 | Gauntlet | Found a transporter.
 21554 | Gauntlet | Found a transporter.
 21575 | Gauntlet | Found a transporter.
 21588 | Gauntlet | Found a transporter.
 21601 | Gauntlet | Found a transporter.
 21618 | Gauntlet | Found a transporter.
 21622 | Gauntlet | Found a transporter.
 21624 | Gauntlet | Found a runed translucent gate.
 21624 | Gauntlet | Found a runed translucent gate.
 21624 | Gauntlet | Found a runed translucent gate.
 21630 | Gauntlet | Found a transporter.
 21647 | Gauntlet | Found a transporter.
 21651 | Gauntlet | Found a transporter.
 21857 | Gauntlet | Identified the +0 hat "Hoxipil" {Rampage Int+2 Dex-2}
 21937 | Gauntlet | Identified the +1 flail "Useolach" {venom, rPois rF+ Str+4}
 22070 | Gauntlet | Got Lom Lobon's Elucidation of Concussion
 22145 | D:13     | Noticed Josephine
 22152 | D:13     | Killed Josephine
 22469 | D:13     | Received a gift from Okawaru
 23497 | Snake:1  | Entered Level 1 of the Snake Pit
 23649 | Snake:1  | Identified the +2 pair of boots of Jexkiome {rC+ Int+5
                  | Dex-2} (Okawaru gifted it to you on level 1 of the Snake
                  | Pit)
 23649 | Snake:1  | Received a gift from Okawaru
 23668 | Snake:1  | Reached XP level 16. HP: 62/103 MP: 24/25
 24162 | Snake:1  | Found Baeps's Assorted Antiques.
 24162 | Snake:1  | Found Ittecw Nutu's Jewellery Shoppe.
 24168 | Snake:1  | Found Urghase's Weapon Shop.
 24180 | Snake:1  | Found Laucae's Armour Emporium.
 24606 | Snake:2  | Noticed a nagaraja
 24628 | Snake:2  | Killed a nagaraja
 24645 | Snake:2  | Upgraded the game from 0.30-b1-5-g8e6c1be481 to
                  | 0.30-b1-7-gcb88a99046
 25228 | Snake:3  | Noticed a nagaraja
 25232 | Snake:3  | Noticed a nagaraja
 25250 | Snake:3  | Reached ****** piety under Okawaru
 25250 | Snake:3  | Identified the +2 cloak of Riwkaw Syov {Int+5 Stlth+}
                  | (Okawaru gifted it to you on level 3 of the Snake Pit)
 25250 | Snake:3  | Received a gift from Okawaru
 25254 | Snake:3  | Killed a nagaraja
 25273 | Snake:3  | Killed a nagaraja
 25889 | Snake:3  | Reached skill level 15 in Fighting
 25947 | Snake:3  | Found Bamenas's Armour Emporium.
 25949 | Snake:3  | Found Zaotutt's Antique Weapon Emporium.
 25949 | Snake:3  | Found Dixe's Antique Armour Emporium.
 26168 | Snake:3  | Found Tuylyum's Antique Weapon Emporium.
 26199 | Snake:3  | Bought a bloodstained morningstar for 180 gold pieces
 26199 | Snake:3  | Identified the +2 morningstar "Kyd Ecoz" {heavy, +Blink
                  | Str+6 SInv Stlth+} (You bought it in a shop on level 3 of
                  | the Snake Pit)
 26388 | Snake:4  | Entered Level 4 of the Snake Pit
 26402 | Snake:4  | Reached skill level 10 in Dodging
 26413 | Snake:4  | Noticed a nagaraja
 26430 | Snake:4  | Killed a nagaraja
 26548 | Snake:4  | Noticed a nagaraja
 26555 | Snake:4  | Killed a nagaraja
 26599 | Snake:4  | Reached XP level 17. HP: 115/115 MP: 27/27
 26627 | Snake:4  | Received a gift from Okawaru
 26627 | Snake:4  | Found the +3 pair of mountain boots {steadfast, rC+}
 26843 | Snake:4  | Noticed Vashnia
 26877 | Snake:4  | Killed Vashnia
 26904 | Snake:4  | Reached skill level 11 in Shields
 27211 | Snake:4  | Got Gonef's Meditations on the Altered Welkin
 27246 | Snake:4  | Noticed Aizul
 27260 | Snake:4  | Killed Aizul
 27545 | Snake:4  | Received a gift from Okawaru
 28252 | Snake:4  | Got a serpentine rune of Zot
 28787 | D:14     | Found a snail-covered altar of Cheibriados.
 28999 | D:14     | Found a gate to the Vaults.
 29045 | D:14     | Identified the +6 chain mail of Bousyjet {*Corrode rPois
                  | Will+}
 29084 | D:14     | Noticed Agnes
 29095 | D:14     | Killed Agnes
 29290 | D:15     | Entered Level 15 of the Dungeon
 29349 | D:15     | Reached skill level 12 in Shields
 29776 | D:15     | Found a staircase to the Depths.
 30166 | D:15     | Reached XP level 18. HP: 124/124 MP: 28/28
 30183 | D:15     | Received a gift from Okawaru
 30663 | Shoals:1 | Entered Level 1 of the Shoals
 31553 | Shoals:1 | Found a runed translucent door.
 31761 | Shoals:1 | Reached skill level 13 in Shields
 31802 | Shoals:1 | Identified the ring of Ignis's Regard {Contam rF- rC+++
                  | Int+3 SInv}
 32026 | Shoals:2 | Identified the +4 kite shield of Focus {Str-3 Int+5}
                  | (Okawaru gifted it to you on level 2 of the Shoals)
 32026 | Shoals:2 | Received a gift from Okawaru
 32473 | Shoals:2 | Identified the +3 scale mail of Asanon {rPois Int+2}
 33102 | Shoals:3 | Noticed Polyphemus
 33113 | Shoals:3 | Reached skill level 1 in Throwing
 33117 | Shoals:3 | Killed Polyphemus
 33122 | Shoals:3 | Identified the +3 robe of Catatonia {rElec rPois Str-3}
                  | (Okawaru gifted it to you on level 3 of the Shoals)
 33122 | Shoals:3 | Received a gift from Okawaru
 33123 | Shoals:3 | Reached XP level 19. HP: 94/131 MP: 29/29
 33591 | Shoals:4 | Entered Level 4 of the Shoals
 33671 | Shoals:4 | Reached skill level 14 in Shields
 33903 | Shoals:4 | Reached skill level 15 in Armour
 34479 | Shoals:4 | Upgraded the game from 0.30-b1-7-gcb88a99046 to 0.30.0
 34591 | Shoals:4 | Paralysed by an air elemental for 1 turns
 34598 | Shoals:4 | Identified the +6 ring mail of Wu Jian's Inspiration
                  | {Int+3}
 34717 | Shoals:4 | Received a gift from Okawaru
 34751 | Shoals:4 | Got the Book of Assistive Geometry
 34773 | Shoals:4 | Got a barnacled rune of Zot
 34823 | Shoals:4 | Received a gift from Okawaru
 34824 | Shoals:4 | Reached skill level 5 in Throwing
 36062 | Vaults:1 | Entered Level 1 of the Vaults
 36150 | Vaults:1 | Reached skill level 15 in Shields
 36193 | Vaults:1 | Received a gift from Okawaru
 36544 | Vaults:1 | Found Unoiblir's General Store.
 36551 | Vaults:1 | Bought a potion of curing for 36 gold pieces
 36551 | Vaults:1 | Bought a potion of curing for 36 gold pieces
 37057 | Vaults:1 | Reached XP level 20. HP: 136/139 MP: 30/30
 37232 | Vaults:1 | Identified the +10 shortbow "Hiumeun" {speed, +Blink rN+
                  | Will- rCorr}
 37897 | Vaults:2 | Identified the +2 pair of boots "Laphifra" {rElec Stlth+}
                  | (Okawaru gifted it to you on level 2 of the Vaults)
 37897 | Vaults:2 | Received a gift from Okawaru
 38047 | Vaults:2 | Found a staircase to the Crypt.
 38047 | Vaults:2 | Found an ancient bone altar of Kikubaaqudgha.
 38047 | Vaults:2 | Found a basalt altar of Yredelemnul.
 38384 | Vaults:2 | Found a runed translucent door.
 38645 | Vaults:2 | Noticed GnoME's ghost (adept TrMo)
 38675 | Vaults:2 | Killed GnoME's ghost
 39357 | Vaults:3 | Received a gift from Okawaru
 39587 | Vaults:3 | Found a flickering gateway to a bazaar.
 39599 | Bazaar   | Entered a bazaar
 39626 | Bazaar   | Found Qeolid's Jewellery Shoppe.
 39626 | Bazaar   | Found Ocirphewn's Weapon Shoppe.
 39648 | Bazaar   | Found Qeirut's Jewellery Emporium.
 39649 | Bazaar   | Found Ukuwn's Weapon Emporium.
 39746 | Bazaar   | Bought the ring of Leaves {+Blink rC+ rN+ SInv} for 521
                  | gold pieces
 39746 | Bazaar   | Bought the ring "Vaetzud" {rC+ rCorr Str+3 Int+6} for 680
                  | gold pieces
 40729 | Vaults:4 | Received a gift from Okawaru
 41028 | Vaults:4 | Noticed Bai Suzhen
 41048 | Vaults:4 | Killed Bai Suzhen
 41049 | Vaults:4 | Reached XP level 21. HP: 108/146 MP: 31/31
 41353 | Vaults:4 | Found Koaqar's Armour Shop.
 41702 | Vaults:4 | Found a gateway to a bazaar.
 41717 | Bazaar   | Entered a bazaar
 41719 | Bazaar   | Found Nas Ezor's Armour Boutique.
 41723 | Bazaar   | Found Vewkull's General Store.
 41723 | Bazaar   | Found Tytulehue's Magic Scroll Boutique.
 41723 | Bazaar   | Found Fuzaif's Antique Armour Boutique.
 41735 | Bazaar   | Bought a scroll of immolation for 56 gold pieces
 41735 | Bazaar   | Bought a potion of invisibility for 112 gold pieces
 41735 | Bazaar   | Bought a potion of might for 56 gold pieces
 41735 | Bazaar   | Bought a scroll of poison for 56 gold pieces
 41735 | Bazaar   | Bought a potion of cancellation for 112 gold pieces
 41750 | Bazaar   | Bought a scroll of immolation for 52 gold pieces
 41750 | Bazaar   | Bought a scroll of blinking for 97 gold pieces
 41750 | Bazaar   | Bought a scroll of teleportation for 39 gold pieces
 41750 | Bazaar   | Bought a scroll of fear for 52 gold pieces
 41750 | Bazaar   | Bought a scroll of magic mapping for 97 gold pieces
 42083 | Depths:1 | Entered Level 1 of the Depths
 42384 | Depths:1 | Found a one-way gate to the infinite horrors of the Abyss.
 42390 | Depths:1 | Identified the +0 pair of gloves "Vuyk" {-Cast rF+ rN++}
                  | (Okawaru gifted it to you on level 1 of the Depths)
 42390 | Depths:1 | Received a gift from Okawaru
 42685 | Depths:1 | Found a gateway to Hell.
 42704 | Depths:1 | Reached skill level 16 in Shields
 42966 | Depths:1 | Found a broken altar of Ashenzari.
 43671 | Depths:2 | Noticed Asterion
 43693 | Depths:2 | Killed Asterion
 43928 | Depths:2 | Received a gift from Okawaru
 44298 | Depths:2 | Identified the +0 hand axe of Domination {freeze, Fly rC+
                  | rCorr Int-2} (Okawaru gifted it to you on level 2 of the
                  | Depths)
 44298 | Depths:2 | Received a gift from Okawaru
 44591 | Depths:2 | Reached skill level 5 in Maces & Flails
 44790 | Depths:2 | Found a runed translucent door.
 44790 | Depths:2 | Noticed frimble's ghost (adept DsGl)
 44877 | Depths:2 | Killed frimble's ghost
 44878 | Depths:2 | Reached XP level 22. HP: 152/153 MP: 32/32
 45066 | Depths:3 | Received a gift from Okawaru
 45158 | Depths:3 | Found a runed translucent gate.
 45158 | Depths:3 | Found a runed translucent gate.
 45158 | Depths:3 | Found a runed translucent gate.
 45333 | Depths:3 | Reached skill level 17 in Shields
 45452 | Depths:3 | Identified the +0 pair of boots "Quuhotyock" {Str+2 Dex+2}
                  | (Okawaru gifted it to you on level 3 of the Depths)
 45452 | Depths:3 | Received a gift from Okawaru
 45791 | Depths:3 | Noticed Barug's ghost (adept TrMo)
 45824 | Depths:3 | Killed Barug's ghost
 45892 | Depths:3 | Identified the +1 sling "Unoum" {heavy, rPois rC+}
 46092 | Depths:4 | Entered Level 4 of the Depths
 46283 | Depths:4 | Noticed a juggernaut
 46302 | Depths:4 | Killed a juggernaut
 46404 | Depths:4 | Found a sacrificial altar of Ru.
 46895 | Depths:4 | Found a one-way gateway to a ziggurat.
 47629 | Depths:4 | Received a gift from Okawaru
 47698 | Depths:4 | Noticed a golden dragon
 47728 | Depths:4 | Noticed a golden dragon
 47751 | Depths:4 | Killed a golden dragon
 47752 | Depths:4 | Reached skill level 18 in Shields
 47752 | Depths:4 | Found a gate to the Realm of Zot.
 47759 | Depths:4 | Killed a golden dragon
 48451 | Lair:4   | Killed Wairalebb's ghost
 48698 | Depths:1 | Voluntarily entered the Abyss.
 48816 | Abyss:2  | Found a corrupted altar of Lugonu.
 48873 | Abyss:2  | Reached skill level 15 in Dodging
 49121 | Abyss:2  | Received a gift from Okawaru
 49346 | Abyss:2  | Reached XP level 23. HP: 144/158 MP: 33/33
 49576 | Abyss:2  | Received a gift from Okawaru
 49703 | Abyss:3  | Found a basalt altar of Yredelemnul.
 49744 | Abyss:3  | Found a corrupted altar of Lugonu.
 49844 | Abyss:3  | Reached skill level 10 in Maces & Flails
 49863 | Abyss:3  | Received a gift from Okawaru
 49963 | Abyss:3  | Found a corrupted altar of Lugonu.
 49988 | Abyss:3  | Found a corrupted altar of Lugonu.
 50007 | Abyss:3  | Found a corrupted altar of Lugonu.
 50367 | Abyss:3  | Reached skill level 19 in Shields
 50716 | Abyss:3  | Received a gift from Okawaru
 51093 | Abyss:5  | Found a corrupted altar of Lugonu.
 51330 | Abyss:5  | Received a gift from Okawaru
 51405 | Abyss:5  | Reached skill level 20 in Shields
 51416 | Abyss:5  | Gained mutation: You are vulnerable to heat. (rF-) [a
                  | cacodemon]
 51419 | Abyss:5  | Gained mutation: You have sharp fingernails. [a cacodemon]
 51422 | Abyss:5  | Gained mutation: You have a pair of small antennae on your
                  | head. [a cacodemon]
 51427 | Abyss:5  | Paralysed by accursed screaming for 1 turns
 51623 | Depths:1 | Escaped the Abyss
 51884 | Depths:1 | Voluntarily entered the Abyss.
 51993 | Abyss:5  | Found a corrupted altar of Lugonu.
 52007 | Abyss:5  | Received a gift from Okawaru
 52011 | Abyss:5  | Got an abyssal rune of Zot
 52023 | Abyss:5  | Reached XP level 24. HP: 40/164 MP: 13/33
 52048 | Depths:1 | Escaped the Abyss
 52610 | Slime:1  | Entered Level 1 of the Pits of Slime
 52621 | Slime:1  | Received a gift from Okawaru
 52679 | Slime:2  | Gained mutation: You are clumsy. (Dex -2) [a shining eye]
 52684 | Slime:2  | Gained mutation: Armour fits poorly on your strangely
                  | shaped body. [a shining eye]
 52686 | Slime:2  | Gained mutation: Potions are less effective at restoring
                  | your health. [a shining eye]
 52690 | Slime:2  | Lost mutation: Armour fits poorly on your strangely shaped
                  | body. [potion of mutation]
 52690 | Slime:2  | Lost mutation: Potions are less effective at restoring your
                  | health. [potion of mutation]
 52690 | Slime:2  | Lost mutation: You are vulnerable to heat. (rF-) [potion of
                  | mutation]
 52690 | Slime:2  | Gained mutation: You occasionally shout uncontrollably at
                  | your foes. [potion of mutation]
 52690 | Slime:2  | Gained mutation: You passively map a small area around you.
                  | [potion of mutation]
 52690 | Slime:2  | Gained mutation: Your flesh is cold resistant. (rC+)
                  | [potion of mutation]
 52691 | Slime:2  | Lost mutation: You passively map a small area around you.
                  | [potion of mutation]
 52691 | Slime:2  | Lost mutation: You have a pair of small antennae on your
                  | head. [potion of mutation]
 52691 | Slime:2  | Gained mutation: Your mind is acute. (Int +4, Str/Dex -1)
                  | [potion of mutation]
 52691 | Slime:2  | Gained mutation: You have a somewhat thin skeletal
                  | structure. (Dex +2, Stealth+) [potion of mutation]
 52691 | Slime:2  | Gained mutation: You have sharp toenails. [potion of
                  | mutation]
 52692 | Slime:2  | Lost mutation: You occasionally shout uncontrollably at
                  | your foes. [potion of mutation]
 52692 | Slime:2  | Lost mutation: Your mind is acute. (Int +4, Str/Dex -1)
                  | [potion of mutation]
 52692 | Slime:2  | Lost mutation: You are clumsy. (Dex -2) [potion of
                  | mutation]
 52692 | Slime:2  | Gained mutation: Your body sometimes deteriorates upon
                  | taking damage. [potion of mutation]
 52692 | Slime:2  | Gained mutation: You have a pair of small horns on your
                  | head. [potion of mutation]
 52865 | Slime:4  | Paralysed by a great orb of eyes for 2 turns
 52948 | Slime:5  | Entered Level 5 of the Pits of Slime
 53377 | Slime:5  | Reached skill level 21 in Shields
 53602 | Slime:5  | Noticed the Royal Jelly
 53626 | Slime:5  | Found a viscous altar of Jiyva.
 53638 | Slime:5  | Killed the Royal Jelly
 53680 | Slime:5  | Found the +5 glaive of the Guard {elec, spectral, AC+5}
 53749 | Slime:5  | Identified the +1 leather armour of a sewer {Harm Rampage
                  | Str+4 Int-4}
 53768 | Slime:5  | Got the Excursus on Air
 53770 | Slime:5  | Identified the +3 mace of Eclorybi {drain, MP+9}
 53772 | Slime:5  | Got Jeaveuj's Treatise on the Brume
 53776 | Slime:5  | Identified the amulet "Caagae" {Reflect rElec SH+5}
 53797 | Slime:5  | Identified the +0 falchion of Luxury {pain, Str+2}
 53822 | Slime:5  | Identified the ring "Seseenur" {rC+ EV+5}
 53833 | Slime:5  | Got a slimy rune of Zot
 53854 | Slime:5  | Identified the +5 demon whip of Massacring {flame, Drain
                  | rF+ Int+2}
 53876 | Slime:5  | Identified the staff of poison "Kaor" {+Blink rPois rF- rC+
                  | Will+}
 54597 | Vaults:5 | Entered Level 5 of the Vaults
 54809 | Vaults:4 | Received a gift from Okawaru
 54989 | Vaults:5 | Noticed an ancient lich
 55001 | Vaults:4 | Reached skill level 22 in Shields
 55264 | Vaults:5 | Noticed an ancient lich
 55274 | Vaults:4 | Killed an ancient lich
 55293 | Vaults:5 | Noticed an ancient lich
 55311 | Vaults:4 | Killed an ancient lich
 55481 | Vaults:5 | Killed an ancient lich
 55501 | Vaults:5 | Reached XP level 25. HP: 131/169 MP: 33/33
 55742 | Vaults:5 | Identified the ring of Qem Bif {Fly Dex+2}
 55779 | Vaults:5 | Identified the +1 cloak of the Morning Star {Str+4 Stlth+}
                  | (Okawaru gifted it to you on level 5 of the Vaults)
 55779 | Vaults:5 | Received a gift from Okawaru
 55884 | Vaults:5 | Noticed an ancient lich
 55913 | Vaults:5 | Killed an ancient lich
 55923 | Vaults:5 | Noticed a dread lich
 55932 | Vaults:5 | Killed a dread lich
 56206 | Vaults:5 | Noticed an ancient lich
 56207 | Vaults:5 | Noticed a dread lich
 56217 | Vaults:5 | Killed an ancient lich
 56218 | Vaults:5 | Reached skill level 23 in Shields
 56225 | Vaults:5 | Killed a dread lich
 56521 | Vaults:5 | Identified the +6 scale mail "Wokylurr" {Will+}
 56526 | Vaults:5 | Got a silver rune of Zot
 56650 | Vaults:5 | Got Namilic's Folio of Allied Location
 56762 | Vaults:5 | Identified the +3 flail "Moek" {freeze, Stlth+}
 56989 | Vaults:5 | Identified the +1 robe "Ehom" {Drain rF+ Will+ Archmagi}
 57012 | Vaults:5 | Identified the ring of Cifatamn {Fire rCorr Int+4 Dex-3
                  | SInv}
 57561 | Temple   | Fell from the grace of Okawaru
 57561 | Temple   | Became a worshipper of Qazlal Stormbringer
 58033 | Zot:1    | Entered Level 1 of the Realm of Zot
 58395 | Elf:1    | Entered Level 1 of the Elven Halls
 58440 | Elf:1    | Found a radiant altar of Vehumet.
 58793 | Elf:1    | Reached * piety under Qazlal
 59122 | Elf:1    | Found Refiun's Antique Armour Emporium.
 59124 | Elf:1    | Found Ikluch's General Store.
 59126 | Elf:1    | Found Xitud's Magic Scroll Emporium.
 59130 | Elf:1    | Bought an ichor-stained plate armour for 756 gold pieces
 59130 | Elf:1    | Identified the +0 plate armour of Ignis's Condemnation
                  | {rPois Int+5 Dex+3 Slay-2} (You bought it in a shop on
                  | level 1 of the Elven Halls)
 59134 | Elf:1    | Bought 2 potions of ambrosia for 224 gold pieces
 59134 | Elf:1    | Bought a potion of heal wounds for 70 gold pieces
 59136 | Elf:1    | Bought a scroll of enchant armour for 97 gold pieces
 59136 | Elf:1    | Bought a scroll of enchant armour for 97 gold pieces
 59136 | Elf:1    | Bought a scroll of enchant weapon for 97 gold pieces
 59136 | Elf:1    | Bought a scroll of enchant armour for 97 gold pieces
 59136 | Elf:1    | Bought a scroll of teleportation for 39 gold pieces
 59507 | Elf:1    | Got the Secrets of Wyrd
 60233 | Elf:2    | Noticed Louise
 60246 | Elf:2    | Paralysed by an air elemental for 1 turns
 60263 | Elf:2    | Killed Louise
 60264 | Elf:2    | Reached ** piety under Qazlal
 60271 | Elf:2    | Paralysed by an air elemental for 1 turns
 60363 | Elf:2    | Found Gelu's Antique Armour Shoppe.
 60371 | Elf:2    | Found Sixiy's Jewellery Emporium.
 60765 | Elf:2    | Found a huge runed translucent gate.
 60765 | Elf:2    | Found a huge runed translucent gate.
 60765 | Elf:2    | Found a huge runed translucent gate.
 60765 | Elf:2    | Found a huge runed translucent gate.
 60765 | Elf:2    | Found a huge runed translucent gate.
 61051 | Elf:2    | Noticed Jorgrun
 61060 | Elf:2    | Killed Jorgrun
 61079 | Elf:2    | Reached *** piety under Qazlal
 61401 | Elf:3    | Entered Level 3 of the Elven Halls
 61565 | Elf:3    | Reached skill level 15 in Invocations
 61569 | Elf:3    | Reached XP level 26. HP: 93/177 MP: 34/34
 61575 | Elf:3    | Reached **** piety under Qazlal
 61637 | Elf:3    | Identified the ring of Aratoep {Fly rPois rF+}
 61694 | Elf:3    | Identified the ring of Sixiysif {*Corrode rPois rF+ SInv
                  | Stlth+}
 61699 | Elf:3    | Got the Papyrus of the Tincture and Spectres
 61818 | Elf:3    | Identified the +7 shortbow of Responsibility {elec, +Blink
                  | Dex+3 SInv}
 61856 | Elf:3    | Identified the +6 longbow of Plague {flame, Stlth+}
 62020 | Elf:3    | Found Mepladur's Weapon Emporium.
 62080 | Elf:3    | Found Hivu's Assorted Antiques.
 62093 | Elf:3    | Bought a potion of mutation for 200 gold pieces
 62100 | Elf:3    | Found Kuh Ukk's Distillery.
 62101 | Elf:3    | Reached ***** piety under Qazlal
 62103 | Elf:3    | Identified Roxanne's Parchment of Topomancy
 62103 | Elf:3    | Noticed Roxanne
 62113 | Elf:3    | Bought a potion of mutation for 136 gold pieces
 62113 | Elf:3    | Bought a potion of might for 68 gold pieces
 62113 | Elf:3    | Bought a potion of haste for 170 gold pieces
 62350 | Elf:3    | Identified the staff of air "Ehammajab" {rElec rF+}
 62439 | Elf:3    | Found the +8 lance "Wyrmbane" {slay drac, rPois rF+ rC+
                  | AC+3}
 62488 | Elf:3    | Got Giakef's Omnibus of Mustering
 62492 | Elf:3    | Identified the +8 war axe "Xoesk" {flame, Fly Int+3}
 62516 | Elf:3    | Identified the +0 scale mail "Quduil Qiosm" {Str+5}
 62589 | Elf:3    | Killed Roxanne
 63318 | Zot:1    | Reached skill level 24 in Shields
 63328 | Zot:1    | HP: 6/179 [green draconian monk (12)]
 63329 | Zot:1    | Demolished by a green draconian monk

Illustrated notes

Levels and vault maps discovered:
D:1:      giann_wishing_wells, layout_basic
D:2:      layout_rooms, serial_bayou, serial_bayou_pond_b, serial_bayou_pond_d,
          serial_bayou_ford_a, serial_bayou_pond_e, basic_altar,
          basic_ecumenical_altar, kennysheep_nondescript
D:3:      minmay_spotlight, layout_basic, minmay_misc_feat_room,
          dreamdust_mushroom_princess
D:4:      layout_gridville, minmay_temple_entry_purple_smoke, fountainhead
D:5:      layout_basic, kennysheep_little_box, mainiacjoe_overflow_24_doors
D:6:      layout_loops_corners
D:7:      layout_cave_pods, nicolae_figureground_sparkle
D:8:      hellmonk_destroyed_diamonds, layout_basic,
          gammafunk_temple_overflow_pools, minitemple, enter_bailey_5,
          serial_shops, shop, uniq_pikel
D:9:      layout_roguey, serial_shops, nicolae_shop_gaudy_bauble
D:10:     layout_layer_cave, kennysheep_mini_moat, orc_0_dummy, minivault_27
D:11:     layout_grid_maze, david_lair_generic, tso_oasis_becter
D:12:     wad_crossroads, layout_basic, nicolae_elemental_shop, st_stairs_11,
          minivault_11, lightli_corner_chamber
D:13:     layout_loops_corners, gauntlet_entry_generic, portal_ice_cave_rime,
          uniq_josephine
D:14:     layout_long_grid, david_vaults_5, grunt_ministairs_2, slow_altar_2,
          uniq_agnes
D:15:     hangedman_depths_entry_civil_slaughter, layout_basic,
          minmay_fractal_squares_diagonal_5
Temple:   zaba_magenta_temple
Lair:1:   layout_cellular_growth, grunt_megastairs_4, lemuel_fruit_fields
Lair:2:   layout_cave_pods, dummy_snake_entry, infiniplex_staircase_pool,
          serial_bayou_shore_b
Lair:3:   layout_loops_ring, minmay_shoals_entry_centaurs, serial_bayou_shore_b,
          lemuel_fruit_fields, uniq_nergalle
Lair:4:   beast_lair_carwin_large_4, layout_long_grid,
          hellmonk_ghost_happy_afterlife, lemuel_fruit_fields, uniq_kirke
Lair:5:   gammafunk_lair_ancient_temple, layout_hall_layers,
          minmay_slime_entry_oklob_open, ebering_ghost_inner_flame,
          serial_bayou_shore_b
Shoals:1: nicolae_shoals_lighthouse, layout_shoals,
          nicolae_shoals_lost_giant_hut
Shoals:2: nicolae_shoals_mermall, layout_shoals, nicolae_shoals_isolated_beach
Shoals:3: layout_shoals, nicolae_shoals_songs, uniq_polyphemus
Shoals:4: shoals_end_hellmonk_storm_palace [storm_palace_center_ruins,
          storm_palace_corner_grid, storm_palace_corner_grid,
          storm_palace_corner_narrow, storm_palace_corner_blocked]
Snake:1:  layout_rooms, nicolae_snake_gridmaze_spiral,
          nicolae_snake_serpentine_bazaar
Snake:2:  nicolae_snake_shooting_gallery, layout_rooms
Snake:3:  layout_chambers, minmay_shop_grid_forest, grunt_megastairs_2
Snake:4:  grunt_snake_rune_serpentine_throne, layout_basic, grunt_megastairs_3,
          uniq_vashnia, uniq_aizul
Slime:1:  layout_caves
Slime:2:  layout_caves
Slime:3:  layout_caves, nicolae_slime_welcoming_committee
Slime:4:  layout_caves, nicolae_slime_phagocytosis
Slime:5
Orc:1:    layout_diamond_mine, serial_shops, shop
Orc:2:    pf_orc_diabolical, layout_diamond_mine, serial_shops,
          nicolae_shop_back_alley_shop
Elf:1:    eino_elf_arrival_altar, layout_loops_corners, minmay_elf_sorcery,
          minmay_shop_star
Elf:2:    elven_hall_of_blades_hangedman_alternative
          [nicolae_blade_entry_hurt_lockers], layout_loops_cross,
          minmay_shoptagon, uniq_louise, uniq_jorgrun
Elf:3:    grunt_elf_hall_branching, layout_rooms, serial_shops, shop_statue,
          nicolae_shop_industrial_runoff, shop, serial_sigils,
          serial_sigils_hangedman_etch, serial_sigils_hangedman_gut,
          serial_sigils_hangedman_writhe, serial_sigils_hangedman_gnaw,
          serial_sigils_hangedman_stare, grunt_ministairs_13, uniq_roxanne
Vaults:1: v_misc_26, nicolae_vaults_network_star, v_alt_pattern_2,
          nicolae_vaults_doubleplus_tesselated, nicolae_vaults_network_barrier,
          vaults_room_large_hall, nicolae_vaults_sealed_display,
          vaults_room_octagon, hangedman_vaults_impose,
          layout_vaults_maze_bifur, serial_shops, shop
Vaults:2: ebering_ghost_reflecting_pool, minmay_crypt_entry_necro_gods,
          vaults_room_door_hall, nicolae_vaults_swerve,
          vaults_standard_mumra_lines, nicolae_vaults_apartment_1,
          special_room_vaults [special_room_orc],
          nicolae_vaults_variable_pillar_hall, v_misc_8,
          nicolae_vaults_tetromino_Z_2, nicolae_vaults_tetromino_T_2,
          hangedman_vaults_pinch, nicolae_vaults_yaktaur_gun_rack,
          layout_vaults_omnicross
Vaults:3: nicolae_vaults_ellipses_ellipsis, v_misc_24, nicolae_vaults_prndl,
          v_misc_17, hangedman_vaults_stagger, nicolae_vaults_frosty_reception,
          nicolae_vaults_storage_closets_1, vaults_room_semicircle,
          nicolae_vaults_border_crossing, layout_vaults_chaotic_city,
          serial_shops, bzr_firewalk
Vaults:4: v_misc_9, nicolae_vaults_stepped_doors, v_misc_11,
          nicolae_vaults_little_squares_2, nicolae_vaults_big_angled_halls,
          nicolae_vaults_cornered_office, vaults_mumra_chevron_long,
          ontoclasm_vaults_claustrophobia,
          nicolae_vaults_taking_the_gang_shopping, nicolae_vaults_house_2,
          dpeg_vaults_monster_box, layout_vaults_ring, serial_shops, statue_bzr,
          uniq_bai_suzhen
Vaults:5
Depths:1: layout_small_grid, hell_entry, ashenzari_altar_1, abyss_entry,
          serial_glass, glass_columns_a, glass_columns_a, glass_columns_c,
          glass_columns_c, glass_columns_a, glass_columns_b,
          minmay_strange_pillars, item_on_display_a, water_boxes_lemuel
Depths:2: minmay_polygon_palace, layout_basic, grunt_hell_horde,
          hangedman_abyss_entry_splay, gammafunk_ghost_grave,
          grunt_pan_entry_zigzag, uniq_asterion
Depths:3: evilmike_halls_of_destruction, layout_small_grid,
          ebering_ghost_rock_garden, abyss_entry_crystal,
          grunt_hell_entry_dis_old
Depths:4: grunt_zot_entry_hairpin, layout_gridville, enter_ziggurat_b,
          hell_entry, nicolae_ru_awakened_eye, abyss_entry, grunt_megastairs_1
Zot:1:    layout_basic

Skill      XL: |  1  2  3  4  5  6  7  8  9 10 11 12 13 14 15 16 17 18 19 20 21 22 23 24 25 26 |
---------------+-------------------------------------------------------------------------------+-----
Shields        | 4 5 6 9 10 12 13 15 16 18 20 22 23 24 | 24.0
Fighting       | 4 5 6 7 9 10 12 15 17 18 19 20 21 | 21.6
Armour         | 4 5 6 9 10 12 14 15 17 20 22 | 22.5
Maces & Flails | 3 5 9 12 13 | 13.3
Axes           | 1 2 3 5 6 8 10 12 13 14 15 16 17 | 17.9
Invocations    | 3 6 8 10 12 13 14 15 | 15.4
Dodging        | 3 5 7 8 10 12 14 15 | 15.0
Throwing       | 1 6 8 |  8.0

Action                     |  1- 3 |  4- 6 |  7- 9 | 10-12 | 13-15 | 16-18 | 19-21 | 22-24 | 25-27 || total
---------------------------+-------+-------+-------+-------+-------+-------+-------+-------+-------++-------
  Melee: Flail             |    88 |    57 |       |       |       |       |       |       |       ||   145
         Broad axe         |       |    71 |   182 |   467 |  1052 |  1496 |  1790 |  2175 |  1018 ||  8251
         Headbutt          |       |       |       |       |       |       |       |   162 |   322 ||   484
  Throw: Javelin           |       |       |       |       |       |       |       |     2 |       ||     2
 Invoke: Heroism           |       |       |     1 |     2 |     8 |     2 |     1 |     2 |     2 ||    18
         Finesse           |       |       |       |     4 |    10 |     4 |     4 |    11 |     2 ||    35
         Disaster Area     |       |       |       |       |       |       |       |       |     1 ||     1
  Evoke: Wand              |       |       |       |     4 |    10 |     6 |     2 |     1 |       ||    23
    Use: Scroll            |       |     3 |    12 |    13 |    11 |     8 |     1 |     8 |    10 ||    66
         Potion            |       |       |       |     1 |     6 |     5 |     1 |    19 |     4 ||    36
   Stab: Invisible         |       |       |       |       |     8 |       |       |    29 |       ||    37
         Paralysed         |       |       |       |       |     2 |       |       |       |       ||     2
         Distracted        |       |       |       |       |       |       |       |     2 |       ||     2
 Armour: Scale mail        |    55 |    65 |    22 |       |       |       |       |       |       ||   142
         Chain mail        |       |       |    59 |   215 |   248 |       |       |       |       ||   522
         Plate armour      |       |       |       |       |   196 |   603 |   592 |   204 |       ||  1595
         Gold dragon scale |       |       |       |       |       |       |       |   594 |   318 ||   912
  Dodge: Dodged            |    51 |    59 |    54 |   129 |   312 |   363 |   287 |   391 |   147 ||  1793
         Repelled          |       |       |       |       |       |       |       |       |     4 ||     4
  Block: Buckler           |    30 |    23 |    19 |       |       |       |       |       |       ||    72
         Kite shield       |       |       |    35 |   224 |   472 |   873 |   811 |  1092 |   558 ||  4065
         Reflection        |       |       |       |       |       |   102 |    52 |    32 |    48 ||   234
